[ AOE2 MATCH · #507812499 ]
UnrankedJapanese vs Japanese
Player's team · LOSS
Rival team · WIN
[ REPLAY ANALYSIS · EXTRACTED FROM THE RECORDED GAME ]
Feudal
10:42
Castle
24:26
Imperial
41:34
| APM avg | 50.5 |
| APM peak | 81 |
| eAPM avg | 20.4 |
| Villagers / military | 126 / 163 |
Focus
⚔️ 33.2% · 🌾 66.8%
Archer ×101 · Skirmisher ×50 · Militia ×5 · Mangonel ×4 · Trebuchet (Packed) ×3
Feudal
8:55
Castle
20:45
Imperial
37:10
| APM avg | 48.4 |
| APM peak | 82 |
| eAPM avg | 22.3 |
| Villagers / military | 139 / 157 |
Focus
⚔️ 39.1% · 🌾 60.9%
Archer ×96 · Skirmisher ×36 · Samurai ×11 · Trebuchet (Packed) ×5 · Monk ×3 · Militia ×3
Match map
Initial resources + every placement click. Lines = walls · curves = elevation contours. ◆ gold · ⬟ stone · ● berries · ✦ relic · ◌ wall gap
Your base· ✓ Closed at 24:26 · 44t walls · no gate
MZTK | Evil Xandro's base· Open — opponent sealed themselves in
Smoothed initial terrain · ◌ = detected wall gap · hover for details
Inputs per minute
— MonoLink - - MZTK | Evil Xandro
Build order — MonoLink
First 150 of 390 actions detected
| 0:00 | Queue | Villager (Male) |
| 0:01 | Queue | Villager (Male) |
| 0:03 | Build | House |
| 0:04 | Build | House |
| 0:14 | Queue | Villager (Male) |
| 0:18 | Queue | Villager (Male) |
| 1:26 | Queue | Villager (Male) |
| 1:47 | Build | Lumber Camp |
| 2:01 | Queue | Villager (Male) |
| 2:20 | Queue | Villager (Male) |
| 2:54 | Queue | Villager (Male) |
| 3:20 | Queue | Villager (Male) |
| 3:46 | Queue | Villager (Male) |
| 3:46 | Queue | Villager (Male) |
| 3:57 | Build | House |
| 3:58 | Build | House |
| 4:23 | Queue | Villager (Male) |
| 4:55 | Queue | Villager (Male) |
| 5:00 | Build | Barracks |
| 5:19 | Queue | Villager (Male) |
| 5:53 | Queue | Villager (Male) |
| 5:55 | Queue | Villager (Male) |
| 6:26 | Build | Mill |
| 6:32 | Queue | Militia |
| 6:32 | Queue | Militia |
| 6:43 | Queue | Militia |
| 6:46 | Queue | Villager (Male) |
| 6:50 | Research | Loom |
| 7:56 | Queue | Villager (Male) |
| 8:00 | Build | House |
| 8:32 | Research | Feudal Age |
| 8:44 | Build | Lumber Camp |
| 9:09 | Build | Mill |
| 9:37 | Queue | Villager (Male) |
| 9:39 | Build | Mining Camp |
| 9:59 | Queue | Villager (Male) |
| 10:19 | Queue | Militia |
| 10:21 | Queue | Militia |
| 10:33 | Build | Palisade Wall |
| 10:40 | Build | Palisade Wall |
| 10:42 | Age | Feudal Age |
| 11:07 | Research | Man-at-Arms (upgrade) |
| 11:15 | Build | House |
| 11:27 | Build | Farm |
| 11:34 | Build | Archery Range |
| 11:39 | Build | Farm |
| 11:42 | Queue | Villager (Male) |
| 11:54 | Build | Blacksmith |
| 12:09 | Queue | Villager (Male) |
| 12:13 | Queue | Archer |
| 12:19 | Build | Palisade Wall |
| 12:36 | Build | Farm |
| 12:48 | Queue | Villager (Male) |
| 12:55 | Queue | Villager (Male) |
| 12:57 | Queue | Archer |
| 13:03 | Queue | Villager (Male) |
| 13:10 | Research | Fletching |
| 13:16 | Build | Farm |
| 13:16 | Build | Farm |
| 13:20 | Build | Farm |
| 13:51 | Queue | Villager (Male) |
| 13:53 | Build | Farm |
| 14:01 | Build | Palisade Wall |
| 14:04 | Build | Palisade Wall |
| 14:16 | Queue | Skirmisher |
| 14:22 | Build | House |
| 14:24 | Build | Palisade Wall |
| 14:26 | Queue | Villager (Male) |
| 14:34 | Queue | Villager (Male) |
| 14:51 | Build | Archery Range |
| 14:56 | Queue | Archer |
| 14:57 | Queue | Villager (Male) |
| 15:15 | Queue | Skirmisher |
| 15:17 | Queue | Villager (Male) |
| 15:22 | Research | Padded Archer Armor |
| 15:41 | Build | House |
| 15:42 | Build | House |
| 15:43 | Build | Palisade Wall |
| 15:46 | Queue | Archer |
| 15:46 | Queue | Archer |
| 15:47 | Queue | Villager (Male) |
| 15:58 | Build | House |
| 16:27 | Queue | Villager (Male) |
| 16:35 | Queue | Archer |
| 16:48 | Queue | Archer |
| 16:53 | Queue | Villager (Male) |
| 17:09 | Queue | Skirmisher |
| 17:11 | Queue | Villager (Male) |
| 17:15 | Build | Farm |
| 17:17 | Build | Farm |
| 17:19 | Build | Farm |
| 17:21 | Research | Double-Bit Axe |
| 17:32 | Queue | Archer |
| 17:36 | Research | Horse Collar |
| 17:53 | Build | Farm |
| 17:54 | Build | Farm |
| 17:55 | Queue | Villager (Male) |
| 18:05 | Build | Farm |
| 18:06 | Build | Farm |
| 18:11 | Queue | Skirmisher |
| 18:12 | Queue | Skirmisher |
| 18:23 | Build | Palisade Wall |
| 18:27 | Queue | Villager (Male) |
| 18:32 | Queue | Archer |
| 18:33 | Queue | Archer |
| 18:53 | Build | Farm |
| 18:54 | Queue | Villager (Male) |
| 19:02 | Queue | Archer |
| 19:02 | Queue | Archer |
| 19:05 | Queue | Villager (Male) |
| 19:22 | Queue | Villager (Male) |
| 19:25 | Build | Farm |
| 19:26 | Build | Farm |
| 19:28 | Build | Farm |
| 19:49 | Queue | Villager (Male) |
| 19:51 | Build | House |
| 19:52 | Build | House |
| 19:53 | Build | House |
| 20:00 | Queue | Archer |
| 20:00 | Queue | Archer |
| 20:20 | Queue | Villager (Male) |
| 20:33 | Queue | Villager (Male) |
| 20:36 | Build | Market |
| 20:41 | Queue | Archer |
| 20:41 | Queue | Archer |
| 21:09 | Build | Farm |
| 21:11 | Build | Farm |
| 21:46 | Research | Castle Age |
| 22:29 | Queue | Skirmisher |
| 22:29 | Queue | Skirmisher |
| 22:46 | Research | Gold Mining |
| 24:19 | Build | Archery Range |
| 24:26 | Age | Castle Age |
| 24:27 | Research | Crossbowman (upgrade) |
| 24:30 | Research | Bodkin Arrow |
| 24:33 | Build | House |
| 24:34 | Build | House |
| 24:44 | Queue | Villager (Male) |
| 24:46 | Queue | Archer |
| 24:47 | Queue | Archer |
| 24:47 | Queue | Archer |
| 25:01 | Queue | Villager (Male) |
| 25:04 | Queue | Archer |
| 25:05 | Queue | Archer |
| 25:30 | Research | Thumb Ring |
| 25:50 | Build | House |
| 26:35 | Queue | Archer |
| 26:35 | Queue | Archer |
| 26:42 | Queue | Archer |
| 26:42 | Queue | Archer |
Build order — MZTK | Evil Xandro
First 150 of 461 actions detected
| 0:00 | Queue | Villager (Male) |
| 0:01 | Queue | Villager (Male) |
| 0:01 | Queue | Villager (Male) |
| 0:02 | Build | House |
| 0:04 | Build | House |
| 0:10 | Queue | Villager (Male) |
| 1:29 | Queue | Villager (Male) |
| 1:51 | Build | Lumber Camp |
| 2:02 | Queue | Villager (Male) |
| 2:29 | Queue | Villager (Male) |
| 2:34 | Build | House |
| 2:38 | Queue | Villager (Male) |
| 3:00 | Queue | Villager (Male) |
| 3:26 | Queue | Villager (Male) |
| 3:39 | Build | Mill |
| 4:05 | Queue | Villager (Male) |
| 4:27 | Queue | Villager (Male) |
| 4:30 | Queue | Villager (Male) |
| 5:30 | Queue | Villager (Male) |
| 5:40 | Build | Barracks |
| 5:49 | Queue | Villager (Male) |
| 5:57 | Research | Loom |
| 6:10 | Build | House |
| 6:42 | Research | Feudal Age |
| 7:01 | Build | Mining Camp |
| 7:23 | Build | Mill |
| 7:25 | Queue | Militia |
| 7:25 | Queue | Militia |
| 8:07 | Build | House |
| 8:11 | Queue | Militia |
| 8:52 | Queue | Villager (Male) |
| 8:55 | Age | Feudal Age |
| 9:05 | Research | Man-at-Arms (upgrade) |
| 9:09 | Queue | Spearman |
| 9:21 | Queue | Villager (Male) |
| 9:28 | Queue | Villager (Male) |
| 9:34 | Build | Farm |
| 9:36 | Build | Farm |
| 9:39 | Build | Farm |
| 9:44 | Queue | Villager (Male) |
| 10:40 | Build | Archery Range |
| 10:47 | Queue | Villager (Male) |
| 10:49 | Queue | Villager (Male) |
| 11:07 | Research | Double-Bit Axe |
| 11:17 | Queue | Archer |
| 11:18 | Queue | Archer |
| 11:18 | Queue | Archer |
| 11:25 | Build | House |
| 11:26 | Queue | Villager (Male) |
| 11:51 | Build | House |
| 11:54 | Queue | Archer |
| 11:57 | Queue | Villager (Male) |
| 12:05 | Build | Palisade Wall |
| 12:11 | Queue | Archer |
| 12:24 | Queue | Villager (Male) |
| 12:25 | Queue | Archer |
| 12:26 | Queue | Villager (Male) |
| 12:57 | Queue | Villager (Male) |
| 13:01 | Build | Archery Range |
| 13:04 | Queue | Villager (Male) |
| 13:09 | Queue | Archer |
| 13:24 | Build | House |
| 13:40 | Queue | Archer |
| 13:46 | Build | Blacksmith |
| 13:54 | Build | House |
| 13:56 | Build | House |
| 13:58 | Build | House |
| 13:59 | Build | Palisade Wall |
| 14:21 | Build | Palisade Wall |
| 14:28 | Research | Fletching |
| 14:47 | Queue | Archer |
| 14:53 | Queue | Villager (Male) |
| 15:07 | Queue | Villager (Male) |
| 15:09 | Queue | Villager (Male) |
| 15:19 | Build | Farm |
| 15:21 | Build | Farm |
| 15:23 | Build | Farm |
| 15:24 | Queue | Villager (Male) |
| 15:36 | Queue | Archer |
| 15:37 | Queue | Archer |
| 15:45 | Queue | Villager (Male) |
| 15:48 | Build | Market |
| 16:46 | Build | Palisade Wall |
| 17:11 | Queue | Villager (Male) |
| 17:16 | Build | Farm |
| 17:22 | Build | Farm |
| 18:05 | Research | Castle Age |
| 18:17 | Queue | Skirmisher |
| 18:18 | Queue | Skirmisher |
| 18:25 | Build | House |
| 18:27 | Build | House |
| 18:42 | Research | Horse Collar |
| 19:03 | Queue | Skirmisher |
| 19:05 | Queue | Archer |
| 19:05 | Queue | Archer |
| 19:14 | Build | Farm |
| 19:29 | Build | House |
| 19:32 | Queue | Archer |
| 19:32 | Queue | Archer |
| 19:36 | Research | Gold Mining |
| 19:54 | Research | Padded Archer Armor |
| 20:34 | Build | Farm |
| 20:37 | Build | Farm |
| 20:45 | Age | Castle Age |
| 20:46 | Research | Bodkin Arrow |
| 21:04 | Build | University |
| 21:28 | Queue | Villager (Male) |
| 21:40 | Build | Farm |
| 21:52 | Build | House |
| 21:59 | Queue | Villager (Male) |
| 22:02 | Research | Bow Saw |
| 22:16 | Research | Ballistics |
| 22:34 | Build | Farm |
| 22:34 | Queue | Villager (Male) |
| 22:39 | Queue | Villager (Male) |
| 23:08 | Research | Crossbowman (upgrade) |
| 23:40 | Queue | Villager (Male) |
| 23:56 | Queue | Villager (Male) |
| 24:00 | Build | Town Center |
| 24:12 | Queue | Villager (Male) |
| 24:14 | Queue | Villager (Male) |
| 24:26 | Queue | Archer |
| 24:27 | Queue | Archer |
| 24:27 | Queue | Archer |
| 24:32 | Research | Leather Archer Armor |
| 24:48 | Build | Siege Workshop |
| 25:00 | Queue | Villager (Male) |
| 25:06 | Queue | Villager (Male) |
| 25:08 | Queue | Villager (Male) |
| 25:20 | Queue | Villager (Male) |
| 25:41 | Queue | Mangonel |
| 26:39 | Research | Thumb Ring |
| 26:44 | Build | Farm |
| 26:44 | Build | Farm |
| 26:44 | Build | Farm |
| 26:45 | Build | Farm |
| 26:45 | Build | Farm |
| 26:45 | Build | Farm |
| 26:54 | Queue | Villager (Male) |
| 26:55 | Queue | Archer |
| 26:55 | Queue | Archer |
| 27:00 | Build | Lumber Camp |
| 27:05 | Queue | Archer |
| 27:05 | Queue | Archer |
| 27:05 | Queue | Archer |
| 27:10 | Build | House |
| 27:35 | Queue | Villager (Male) |
| 27:36 | Queue | Archer |
| 27:37 | Queue | Archer |
| 28:10 | Queue | Archer |
Match timeline
| 5:00 | MonoLink · first_building Barracks |
| 5:40 | MZTK | Evil Xandro · first_building Barracks |
| 8:55 | MZTK | Evil Xandro · age_up feudal |
| 10:33 | MonoLink · wall_segment Palisade Wall x1 |
| 10:40 | MonoLink · wall_segment Palisade Wall x1 |
| 10:40 | MZTK | Evil Xandro · first_building Archery Range |
| 10:42 | MonoLink · age_up feudal |
| 11:34 | MonoLink · first_building Archery Range |
| 12:05 | MZTK | Evil Xandro · wall_segment Palisade Wall x1 |
| 12:19 | MonoLink · wall_segment Palisade Wall x13 |
| 13:59 | MZTK | Evil Xandro · wall_segment Palisade Wall x1 |
| 14:01 | MonoLink · wall_segment Palisade Wall x5 |
| 14:04 | MonoLink · wall_segment Palisade Wall x10 |
| 14:21 | MZTK | Evil Xandro · wall_segment Palisade Wall x15 |
| 14:24 | MonoLink · wall_segment Palisade Wall x13 |
| 15:43 | MonoLink · wall_segment Palisade Wall x1 |
| 16:46 | MZTK | Evil Xandro · wall_segment Palisade Wall x14 |
| 16:49 | MZTK | Evil Xandro · first_market_buy 500 food |
| 16:51 | MZTK | Evil Xandro · first_market_sell 500 stone |
| 18:23 | MonoLink · wall_segment Palisade Wall x1 |
| 20:45 | MZTK | Evil Xandro · age_up castle |
| 21:42 | MonoLink · first_market_sell 100 wood |
| 21:43 | MonoLink · first_market_buy 100 food |
| 24:26 | MonoLink · age_up castle |
| 24:48 | MZTK | Evil Xandro · first_building Siege Workshop |
| 29:01 | MZTK | Evil Xandro · first_building Monastery |
| 30:12 | MonoLink · first_building Siege Workshop |
| 36:47 | MonoLink · first_building Castle |
| 37:10 | MZTK | Evil Xandro · age_up imperial |
| 40:08 | MZTK | Evil Xandro · first_building Castle |
| 41:34 | MonoLink · age_up imperial |
| 47:42 | MonoLink · first_building Stable |
| 50:32 | MonoLink · resign |
[ AI ANALYSIS · 1 CREDIT ]
What really happened in this match?
Wolo.gg analyzes every decision: build order, eco, micro, common mistakes by bracket. Personalized analysis on WhatsApp or Discord in 30 seconds.
Civ guide
Japanese
Perfil
Jugador #2478639